 Dungeon Crawl Stone Soup version 0.24.1-14-gf8d2b509d9 (webtiles) character file.

Game seed: 4838406687616124191, levelgen mode: deterministic

788834 Peloso the Demonic Barricade (level 27, -13/314 HPs)
             Began as a Demonspawn Fighter on May 19, 2020.
             Was the Champion of Okawaru.
             Killed by a guardian mummy's death curse (23 damage)
             ... on level 13 of a ziggurat on May 20, 2020.
             The game lasted 06:25:42 (97378 turns).

Peloso the Demonic Barricade (Demonspawn Fighter)  Turns: 97378, Time: 06:25:43

Health: -13/314    AC: 43    Str: 45      XL:     27
Magic:  0/32       EV: 17    Int: 15 (18) God:    Okawaru [******]
Gold:   5545       SH: 22    Dex: 15      Spells: 28/28 levels left

rFire    + . .     SeeInvis +   h - +9 sword of Zonguldrok {reap}
rCold    + + .     Gourm    .   k - +3 warlock's mirror {reflect}
rNeg     + . .     Faith    .   s - +8 orange crystal plate armour {Archmagi, Int+3 Clar}
rPois    .         Spirit   +   W - +2 hat of the Bear Spirit {Spirit, +Rage rN+ MR++}
rElec    .         Reflect  +   G - scarf {cloud immunity}
rCorr    .         Harm     .   y - +2 pair of gloves {Str+3}
MR       ++++.     Clarity  +   (boots unavailable)
Stlth    ..........             d - amulet of Busm {Regen+ Slay+3 Stlth+}
HPRegen  1.02/turn              J - ring of Acoenau {rC+ Str+9 Int+3}
MPRegen  0.23/turn              U - ring "Nailuosi" {*Contam Str+8 Slay+3 SInv Stlth-}

@: heroism
A: talons 3, large bone plates 3, berserk 1, blurry vision 1, cold resistance 1,
demonic guardian 3, fire resistance 1, high mp 1, ignite blood, mutation
resistance 1, robust 3, screaming 1, flame cloud immunity
}: 4/15 runes: decaying, serpentine, slimy, silver
a: Heroism, Finesse, Renounce Religion, Evoke Berserk Rage


You were on level 13 of a ziggurat.
You worshipped Okawaru.
Okawaru was exalted by your worship.
You were not hungry.

You visited 13 branches of the dungeon, and saw 59 of its levels.
You visited the Abyss 2 times.
You visited 1 bazaar.
You visited 1 ziggurat, and saw 13 of its levels.
You also visited: Gauntlet, Ice Cave and Wizlab.

You collected 9698 gold pieces.
You spent 4153 gold pieces at shops.

Inventory:

Hand Weapons
 a - the +3 long sword of Biluu {freeze, rElec MR+ SInv}
   (You took it off a tengu warrior on level 15 of the Dungeon)

   It has been specially enchanted to freeze those struck by it, causing extra
   injury to most foes and up to half again as much damage against particularly
   susceptible opponents.
   It can also slow down cold-blooded creatures.
   It insulates you from electricity.
   It affects your resistance to hostile enchantments.
   It lets you see invisible.
 b - the +2 Maxwell's thermic engine {flame, freeze}
   (You found it on level 1 of the Depths)

   It has been specially enchanted to burn those struck by it, causing extra
   injury to most foes and up to half again as much damage against particularly
   susceptible opponents.
   Big, fiery blades are also staple armaments of hydra-hunters.
   It has been specially enchanted to freeze those struck by it, causing extra
   injury to most foes and up to half again as much damage against particularly
   susceptible opponents.
 h - the +9 sword of Zonguldrok (weapon) {reap}
   (You found it in a wizard's laboratory)

   If a monster killed with it leaves a corpse in good enough shape, the corpse
   will be animated as a zombie friendly to the killer.
Armour
 c - a +2 large shield of resistance
 j - a +6 large shield of reflection
 k - the +3 warlock's mirror (worn) {reflect}
   (You found it on level 10 of a ziggurat)
 s - the +8 orange crystal plate armour (worn) {Archmagi, Int+3 Clar}
   (Okawaru gifted it to you on level 10 of the Dungeon)

   It affects your intelligence (+3).
   It protects you against confusion.
 y - a +2 pair of gloves of strength (worn)
 G - a scarf of cloud immunity (worn)
 W - the +2 hat of the Bear Spirit (worn) {Spirit, +Rage rN+ MR++}
   (You found it on level 3 of the Elven Halls)

   It protects you from negative energy.
   It affects your resistance to hostile enchantments.
   It lets you go berserk.
Jewellery
 d - the amulet of Busm (around neck) {Regen+ Slay+3 Stlth+}
   (You found it on level 6 of the Lair of Beasts)

   [amulet of regeneration]

   It affects your accuracy and damage with ranged weapons and melee attacks
   (+3).
   It increases your rate of regeneration.
   It makes you more stealthy.
 l - the amulet of the Four Winds {rN+ MR+++ Clar}
   (You found it on level 2 of the Swamp)

   [amulet of nothing]

   It protects you from negative energy.
   It affects your resistance to hostile enchantments.
   It protects you against confusion.
 x - an uncursed ring of flight
 J - the ring of Acoenau (left hand) {rC+ Str+9 Int+3}
   (You bought it in a shop on level 2 of the Elven Halls)

   [ring of intelligence]

   It affects your strength (+9).
   It affects your intelligence (+3).
   It protects you from cold.
 L - an uncursed ring of resist corrosion
 U - the ring "Nailuosi" (right hand) {*Contam Str+8 Slay+3 SInv Stlth-}
   (You found it on level 5 of the Vaults)

   [ring of attention]

   It affects your strength (+8).
   It affects your accuracy and damage with ranged weapons and melee attacks
   (+3).
   It lets you see invisible.
   It causes magical contamination when unequipped.
   It makes you less stealthy.
Wands
 w - a wand of enslavement (9)
 C - a wand of digging (4)
Scrolls
 e - 27 scrolls of teleportation
 i - 9 scrolls of magic mapping
 q - 12 scrolls of identify
 v - 36 scrolls of remove curse
 B - a scroll of summoning
 E - 6 scrolls of noise
 I - 6 scrolls of blinking
Potions
 g - 7 potions of cancellation
 m - 3 potions of mutation
 o - 3 potions of agility
 t - 17 potions of curing
 u - 5 potions of haste
 z - 3 potions of might
 H - 4 potions of berserk rage
 M - 8 potions of flight
 S - 6 potions of resistance
Miscellaneous
 n - 2 boxes of beasts
 r - a sack of spiders
Comestibles
 f - 71 rations
 p - a chunk of flesh


   Skills:
 + Level 25.2(27) Fighting
   Level 8.4(23.4) Short Blades
 + Level 24.6(27) Long Blades
   Level 1.6(6.6) Polearms
 + Level 1.0(6.0) Throwing
 + Level 18.9(23.9) Armour
 + Level 8.1(13.1) Dodging
 + Level 10.1(15.1) Stealth
 O Level 27 Shields
 + Level 1.1(6.1) Unarmed Combat
 + Level 1.1 Spellcasting
 + Level 8.3 Invocations
 + Level 3.6 Evocations


You had 28 spell levels left.
You didn't know any spells.
Your spell library contained the following spells:

 Spells                   Type           Power        Failure   Level  Hunger
 Animate Skeleton         Necr           N/A          67%         1    ##.....
 Apportation              Tloc           #.....       67%         1    ##.....
 Beastly Appendage        Tmut           #.....       67%         1    ##.....
 Confusing Touch          Hex            #.....       67%         1    ##.....
 Corona                   Hex            #......      67%         1    ##.....
 Flame Tongue             Conj/Fire      #....        67%         1    ##.....
 Freeze                   Ice            #...         67%         1    ##.....
 Infusion                 Chrm           #...         67%         1    ##.....
 Magic Dart               Conj           #...         67%         1    ##.....
 Pain                     Necr           #...         67%         1    ##.....
 Shock                    Conj/Air       #...         67%         1    ##.....
 Sting                    Conj/Pois      #...         67%         1    ##.....
 Summon Butterflies       Summ           #.......     67%         1    ##.....
 Summon Small Mammal      Summ           #...         67%         1    ##.....
 Blink                    Tloc           N/A          80%         2    ###....
 Corpse Rot               Necr           N/A          80%         2    ###....
 Ensorcelled Hibernation  Hex/Ice        #.....       80%         2    ###....
 Passwall                 Tmut/Erth      #.......     80%         2    ###....
 Poisonous Vapours        Pois/Air       #.....       80%         2    ###....
 Searing Ray              Conj           #.....       80%         2    ###....
 Shroud of Golubria       Chrm/Tloc      #.....       80%         2    ###....
 Slow                     Hex            #.......     80%         2    ###....
 Song of Slaying          Chrm           #.......     80%         2    ###....
 Sticks to Snakes         Tmut           #.......     80%         2    ###....
 Sublimation of Blood     Necr           #.........   80%         2    ###....
 Swiftness                Chrm/Air       #.......     80%         2    ###....
 Throw Flame              Conj/Fire      #.....       80%         2    ###....
 Call Canine Familiar     Summ           #.......     95%         3    ####...
 Confuse                  Hex            #.......     95%         3    ####...
 Conjure Flame            Conj/Fire      #.......     95%         3    ####...
 Dazzling Spray           Conj/Hex       #.....       95%         3    ####...
 Gell's Gravitas          Tloc           #.........   95%         3    ####...
 Ignite Poison            Fire/Tmut/Pois #.......     95%         3    ####...
 Inner Flame              Hex/Fire       #.......     95%         3    ####...
 Lesser Beckoning         Tloc           #.........   95%         3    ####...
 Mephitic Cloud           Conj/Pois/Air  #.......     95%         3    ####...
 Portal Projectile        Hex/Tloc       #.....       95%         3    ####...
 Recall                   Summ/Tloc      N/A          95%         3    ####...
 Regeneration             Chrm/Necr      #.........   95%         3    ####...
 Spectral Weapon          Hex/Chrm       #.......     95%         3    ####...
 Spider Form              Tmut/Pois      #.........   95%         3    ####...
 Static Discharge         Conj/Air       #.......     95%         3    ####...
 Teleport Other           Tloc           #.......     95%         3    ####...
 Tukima's Dance           Hex            #.......     95%         3    ####...
 Vampiric Draining        Necr           #.........   95%         3    ####...
 Airstrike                Air            #.........   100%        4    #####..
 Animate Dead             Necr           N/A          100%        4    #####..
 Cause Fear               Hex            #.........   100%        4    #####..
 Force Lance              Conj/Tloc      #.......     100%        4    #####..
 Fulminant Prism          Conj/Hex       #.........   100%        4    #####..
 Ice Form                 Ice/Tmut       #.......     100%        4    #####..
 Iskenderun's Mystic Bla  Conj           #.......     100%        4    #####..
 Leda's Liquefaction      Hex/Erth       #.........   100%        4    #####..
 Olgreb's Toxic Radiance  Pois           #.......     100%        4    #####..
 Passage of Golubria      Tloc           N/A          100%        4    #####..
 Petrify                  Tmut/Erth      #.......     100%        4    #####..
 Sticky Flame             Conj/Fire      #.......     100%        4    #####..
 Summon Ice Beast         Ice/Summ       #.......     100%        4    #####..
 Summon Lightning Spire   Summ/Air       #.......     100%        4    #####..
 Throw Icicle             Conj/Ice       #.......     100%        4    #####..
 Agony                    Necr           #.......     100%        5    ######.
 Alistair's Intoxication  Tmut/Pois      #.......     100%        5    ######.
 Aura of Abjuration       Summ           #.........   100%        5    ######.
 Blade Hands              Tmut           #.........   100%        5    ######.
 Bolt of Draining         Conj/Necr      #.........   100%        5    ######.
 Bolt of Magma            Conj/Fire/Erth #.........   100%        5    ######.
 Borgnjor's Vile Clutch   Necr/Erth      #.........   100%        5    ######.
 Dispel Undead            Necr           #.......     100%        5    ######.
 Excruciating Wounds      Chrm/Necr      #.........   100%        5    ######.
 Fireball                 Conj/Fire      #.........   100%        5    ######.
 Irradiate                Conj/Tmut      #.........   100%        5    ######.
 Lee's Rapid Deconstruct  Erth           #.........   100%        5    ######.
 Lightning Bolt           Conj/Air       #.........   100%        5    ######.
 Metabolic Englaciation   Hex/Ice        #.........   100%        5    ######.
 Silence                  Hex/Air        #.........   100%        5    ######.
 Summon Demon             Summ           #.........   100%        5    ######.
 Summon Forest            Summ/Tloc      #.........   100%        5    ######.
 Summon Mana Viper        Hex/Summ       #.......     100%        5    ######.
 Venom Bolt               Conj/Pois      #.........   100%        5    ######.
 Yara's Violent Unravell  Hex/Tmut       #.........   100%        5    ######.
 Bolt of Cold             Conj/Ice       #.........   100%        6    #######
 Bolt of Fire             Conj/Fire      #.........   100%        6    #######
 Conjure Ball Lightning   Conj/Air       #.........   100%        6    #######
 Darkness                 Hex            #.........   100%        6    #######
 Death Channel            Necr           #.........   100%        6    #######
 Deflect Missiles         Chrm/Air       #.........   100%        6    #######
 Dispersal                Tloc           #.........   100%        6    #######
 Freezing Cloud           Conj/Ice/Air   #.........   100%        6    #######
 Invisibility             Hex            #.......     100%        6    #######
 Ozocubu's Refrigeration  Ice            #.........   100%        6    #######
 Shadow Creatures         Summ           N/A          100%        6    #######
 Simulacrum               Ice/Necr       #.........   100%        6    #######
 Dragon Form              Tmut           #.........   100%        7    #######
 Ring of Flames           Chrm/Fire      #.........   100%        7    #######
 Summon Hydra             Summ           #.........   100%        7    #######
 Controlled Blink         Tloc           N/A          100%        8    #######
 Discord                  Hex            #.........   100%        8    #######
 Disjunction              Tloc           #.........   100%        8    #######
 Ignition                 Fire           #.........   100%        8    #######
 Dragon's Call            Summ           #.........   100%        9    #######
 Tornado                  Air            #.........   100%        9    #######


Dungeon Overview and Level Annotations

Branches:
Dungeon (15/15)            Temple (1/1) D:5            Lair (6/6) D:10
  Swamp (4/4) Lair:4        Snake (4/4) Lair:2        Slime (5/5) Lair:6
    Orc (2/2) D:10            Elf (3/3) Orc:2        Vaults (5/5) D:14
  Crypt (3/3) Vaults:3       Tomb (0/3) Crypt:3      Depths (5/5) D:15
   Hell (visited)             Dis (0/7) Hell            Geh (0/7) Hell
    Coc (0/7) Hell            Tar (0/7) Hell            Zot (5/5) Depths:5
  IceCv (visited)          WizLab (visited)         Gauntlet (visited)

Altars:
Ashenzari
Cheibriados
Dithmenos
Elyvilon
Fedhas
Gozag
Hepliaklqana
Kikubaaqudgha
Makhleb
Nemelex Xobeh
Okawaru
Qazlal
Ru
Sif Muna
Trog
Uskayaw
Vehumet
Wu Jian
Xom
Yredelemnul
Zin
The Shining One
Beogh
Jiyva
Lugonu

Shops:
D:10 ((   D:14 *   Orc:2 =([*   Elf:1 =   Elf:2 =[(*   Elf:3 ?   Snake:3 :
Vaults:4 (=(   Vaults:5 ???

Portals:
Hell: Depths:1 Depths:2 Depths:3 Depths:4 Depths:5
Abyss: Depths:2 Depths:4
Pandemonium: Depths:1 Depths:3


Innate Abilities, Weirdness & Mutations

You have claws for feet.
You are completely covered in large bone plates. (SH +8)
A powerful demonic guardian rushes to your aid.
Your flesh is heat resistant. (rF+)
Your demonic aura causes spilled blood to erupt in flames.
You are extremely robust. (+30% HP)
You are immune to clouds of flame.
You tend to lose your temper in combat.
Scrolls take you a little longer to read.
Your flesh is cold resistant. (rC+)
You have an increased reservoir of magic. (+10% MP)
You are somewhat resistant to further mutation.
You occasionally shout uncontrollably at your foes.


Message History

You block the mummy priest's attack. The shadow barely misses you.
You riposte.
You slice the shadow!!
You destroy the shadow!
You block the shadow dragon skeleton's attack.
The shadow dragon skeleton misses you.
You block the shadow dragon skeleton's attack.
A mummy priest comes into view.
The spectral glowing shapeshifter closely misses your Executioner.
The necrophage misses you.
You riposte.
You slice the necrophage like a ripe choko!!!
You destroy the necrophage!
The necrophage's corpse disappears in a puff of smoke!
Your Executioner hits the spectral glowing shapeshifter but does no damage.
Your Executioner hits the spectral glowing shapeshifter. x2
You slice the guardian mummy!! You claw the guardian mummy!
You destroy the guardian mummy!
Okawaru accepts your kill.
You feel extremely nervous for a moment...
You convulse helplessly as pain tears through your body!
You die...

▓............
▓..W............
▓...............
▓.........M.....
▓∩....zV.zW..M..
▓..§WZMMVWM.MM.......
▓...MZ2MMMM.........M
▓...M1Z§nZZM.........
▓....Z@M.W.......M...
▓......MZ.Z..........
▓▓▓▓▓▓▓M..........▓
▓...........▓
▓...........▓
▓...........▓
▓▓▓▓▓▓▓▓▓▓▓▓▓


You could see 2 greater mummies, a reaper, 5 mummy priests, a shadow wraith
(invisible), 2 phantasmal warriors, a guardian mummy, a freezing wraith, 2
spectral golden dragons, a spectral glowing shapeshifter, 2 vampires, a
necrophage, a shadow, a flying skull, 9 mummies, a wight, a frost giant
simulacrum, a titan zombie, a juggernaut zombie, a shadow dragon skeleton, an
iron dragon skeleton and a friendly Executioner.

Vanquished Creatures
  Dissolution (Slime:4)
  the Royal Jelly (Slime:5)
  9 orbs of fire (Zot:5)
  3 ancient liches
  Boris (Depths:3)
  3 greater mummies
  2 Killer Klowns (Zot:5)
  2 curse toes
  Saint Roka (Depths:4)
  Vashnia (Snake:3)
  Xtahua (Vaults:4)
  2 caustic shrikes
  Geryon (Hell)
  Nikola (Swamp:1)
  15 golden dragons
  Jory (Vaults:4)
  2 profane servitors
  5 bone dragons
  2 iron giants
  3 electric golems
  2 Tzitzimimeh (Zig:7)
  A Brimstone Fiend (Depths:1)
  Jorgrun (Swamp:3)
  17 tentacled monstrosities
  A shard shrike skeleton (Crypt:1)
  An Ice Fiend (Depths:1)
  24 Orb Guardians (Zot:5)
  3 liches
  5 titans
  2 deep elf blademasters (Elf:3)
  26 acid blobs
  4 sphinxes
  7 death cobs
  4 Executioners
  5 ancient champions
  12 tentacled starspawn
  8 quicksilver dragons
  Kirke (Lair:6)
  A pandemonium lord (Zig:7)
  Gastronok (D:8)
  Frances (Snake:1)
  6 thorn hunters
  5 storm dragons
  9 shadow dragons
  5 tengu reavers
  5 nagarajas
  Donald (Swamp:2)
  11 azure jellies
  7 deep elf sorcerers
  13 draconian monks
  12 fire giants
  Roxanne (Swamp:1)
  4 revenants
  9 draconian knights
  2 daevas
  Aizul (Snake:3)
  8 draconian scorchers
  13 vault wardens
  3 orc warlords
  3 iron dragons
  5 ghost moths
  10 frost giants
  5 draconian shifters
  3 balrugs
  A cacodemon (Abyss:4)
  4 curse skulls
  11 ghouls
  A juggernaut zombie (Depths:5)
  6 draconian stormcallers
  10 very ugly things
  4 draconian annihilators
  3 emperor scorpions (Zig:10)
  5 deep elf elementalists
  An angel (Depths:3)
  8 reapers
  2 war gargoyles (Vaults:5)
  2 spriggan defenders (Depths:3)
  15 stone giants
  9 ironheart preservers
  3 deep elf demonologists (Elf:3)
  2 caustic shrike skeletons
  7 black draconians
  A black sun (Zig:7)
  3 entropy weavers
  12 green draconians
  A lorocyproca (Abyss:3)
  7 vampire knights
  11 yellow draconians
  A minotaur (Gauntlet)
  6 purple draconians
  11 red draconians
  7 white draconians
  5 deep elf annihilators
  A merfolk javelineer (Depths:4)
  A green death (Abyss:1)
  11 spark wasps
  The ghost of Tecwutamp the Covert, a journeyman NaEn of Ru (Orc:1)
  13 eidola
  Snorg (D:13)
  A crystal guardian (Vaults:4)
  7 deep elf death magi
  6 blizzard demons
  11 ettins
  6 death oozes
  2 mummy priests
  11 jiangshi
  3 fire dragons
  13 yaktaur captains
  A quicksilver dragon zombie (Depths:4)
  Josephine (D:13)
  4 deep elf high priests
  10 rakshasas
  15 great orbs of eyes
  10 ogre magi
  2 hell beasts
  11 ice dragons
  6 spriggan air magi
  14 naga warriors
  Harold (D:11)
  A juggernaut simulacrum (Depths:2)
  8 centaur warriors
  26 hydras
  27 vault guards
  4 shambling mangroves
  9 anacondas
  38 two-headed ogres
  4 merfolk avatars (Swamp:4)
  23 alligators
  27 dancing weapons
  2 ghost crabs
  6 death knights
  10 vampire magi
  3 deep troll shamans
  9 tengu warriors
  4 death yaks
  13 naga sharpshooters
  7 deep troll earth magi
  5 orc high priests
  6 hell knights
  Nergalle (D:12)
  8 shock serpents
  20 thrashing horrors
  28 deep elf knights
  A titan skeleton (Depths:3)
  12 wretched stars
  9 sun demons
  2 titan zombies
  3 soul eaters
  8 spriggan berserkers
  A storm dragon zombie (Crypt:2)
  2 iron golems (Hell)
  A golden dragon zombie (Crypt:3)
  A salamander mystic (Snake:2)
  A death drake (Zig:12)
  5 shadow wraiths
  2 fire crabs
  A spark wasp zombie (Depths:4)
  A death drake (shapeshifter) (Depths:2)
  4 sea snakes (Snake:3)
  6 sixfirhies
  2 iron trolls (Hell)
  A storm dragon skeleton (Depths:2)
  A spriggan druid (Swamp:2)
  A spatial maelstrom (Abyss:4)
  17 flayed ghosts
  2 shadow demons
  An orange crystal statue (Zot:5)
  43 skeletal warriors
  A ghost moth zombie (Crypt:2)
  9 glowing orange brains
  19 deep trolls
  7 unseen horrors
  A lindwurm (shapeshifter) (Vaults:5)
  7 wizards
  An obsidian statue (D:9)
  69 starcursed masses
  17 swamp dragons
  2 anaconda zombies
  4 naga ritualists
  20 phantasmal warriors
  6 harpies
  A sphinx zombie (Depths:2)
  17 ironbrand convokers
  14 deep elf archers
  An anaconda skeleton (Crypt:2)
  A lindwurm (Swamp:4)
  A wolf spider zombie (D:14)
  3 shining eyes
  An iron dragon zombie (Depths:4)
  A mana viper (shapeshifter) (Depths:5)
  6 fire giant zombies
  3 orb spiders
  A harpy (shapeshifter) (Depths:2)
  2 manticores
  6 oklob plants
  6 necromancers
  A shadow dragon skeleton (Crypt:2)
  8 wolf spiders
  5 mana vipers
  18 orc knights
  70 ugly things
  72 deep elf magi
  7 cyclopes
  6 orc sorcerers
  3 frost giant zombies
  9 salamanders
  A moth of wrath (shapeshifter) (Zig:2)
  28 moths of wrath
  2 tengu skeletons
  A manticore (shapeshifter) (Depths:2)
  9 elephants
  A shining eye (shapeshifter) (Vaults:5)
  5 worldbinders
  An iron dragon skeleton (Depths:3)
  A black mamba (shapeshifter) (Vaults:3)
  4 guardian serpents
  A stone giant skeleton (Crypt:2)
  An ice statue (IceCv)
  A shock serpent zombie (Crypt:3)
  A frost giant skeleton (Crypt:2)
  An eye of devastation (shapeshifter) (Depths:5)
  16 vault sentinels
  A fire giant skeleton (Crypt:2)
  Psyche (D:8)
  A guardian serpent (shapeshifter) (Vaults:2)
  2 molten gargoyles (Hell)
  2 dire elephant zombies
  8 smoke demons
  4 rust devils
  17 naga magi
  35 black mambas
  4 eyes of devastation
  A torpor snail (Zig:10)
  An apocalypse crab (Zig:2)
  An elf zombie (Depths:3)
  14 spiny frogs
  A komodo dragon (shapeshifter) (Depths:1)
  7 kobold demonologists
  A hellion (Hell)
  A rime drake (shapeshifter) (Vaults:2)
  5 rime drakes
  A shock serpent skeleton (Abyss:4)
  An emperor scorpion zombie (Crypt:3)
  2 efreet
  A black draconian skeleton (Crypt:1)
  4 komodo dragons
  5 demonic crawlers
  A redback zombie (D:15)
  34 yaktaurs
  19 freezing wraiths
  A catoblepas skeleton (Crypt:1)
  2 tormentors
  7 ice devils
  A purple draconian skeleton (Crypt:1)
  8 ancient zymes
  11 trolls
  A red draconian skeleton (Crypt:1)
  6 tengu conjurers
  A hellwing (Abyss:3)
  5 guardian mummies
  4 jumping spiders (Crypt:3)
  25 large abominations
  A queen bee (D:11)
  A wind drake (shapeshifter) (D:15)
  3 red devils (Hell)
  27 polar bears
  A polar bear (shapeshifter) (Vaults:4)
  24 hornets
  5 tyrant leeches
  19 blink frogs
  4 hydra zombies
  2 spectral guardian serpents (Crypt:1)
  Grinder (D:5)
  A guardian serpent zombie (Crypt:1)
  38 raiju
  2 alligator zombies (Hell)
  2 hydra skeletons
  An ice dragon zombie (Crypt:3)
  105 slime creatures
  13 hippogriffs
  7 bog bodies
  2 dream sheep (Lair:6)
  2 ettin zombies
  An ice dragon skeleton (Crypt:2)
  9 flying skulls
  A fire giant simulacrum (Vaults:2)
  A ynoxinul (Abyss:4)
  2 fire dragon zombies
  6 redbacks
  A black mamba zombie (Crypt:2)
  2 spriggan skeletons
  4 shadows
  19 water elementals
  7 vampires
  26 spriggans
  5 air elementals
  6 fire elementals
  5 wyverns
  An alligator skeleton (Hell)
  2 spriggans (shapeshifter)
  A tarantella (shapeshifter) (Elf:2)
  4 golden eyes (Slime:5)
  2 ushabtiu (Crypt:3)
  6 fire bats (Gauntlet)
  79 yaks
  A fire bat (shapeshifter) (Abyss:4)
  13 wraiths
  4 hogs
  7 neqoxecs
  6 vampire mosquitoes
  7 chaos spawn
  5 hungry ghosts
  3 basilisks
  A swamp worm (shapeshifter) (Depths:5)
  10 swamp worms
  6 wargs
  23 insubstantial wisps
  72 nagas
  13 small abominations
  A human zombie (Depths:2)
  A torturous demonspawn zombie (Crypt:2)
  3 acid dragons
  5 two-headed ogre zombies
  A soldier ant (shapeshifter) (Vaults:5)
  Duvessa (D:5)
  6 water moccasins
  A soldier ant (D:15)
  2 spiny frog zombies
  6 porcupines
  A floating eye (Depths:2)
  An ice beast (shapeshifter) (Abyss:1)
  7 hell hounds
  2 black bears (Lair:6)
  A black bear (shapeshifter) (Vaults:3)
  2 sky beasts
  9 swamp drakes
  2 alligator simulacra (Hell)
  15 necrophages
  2 snapping turtle zombies (Crypt:3)
  A phantom (Crypt:3)
  12 eyes of draining
  63 orc warriors
  5 ice beasts
  31 ogres
  6 boggarts
  A boggart (shapeshifter) (Depths:5)
  14 centaurs
  42 wolves
  A snapping turtle skeleton (Crypt:2)
  8 crocodiles
  A bullfrog (shapeshifter) (Vaults:2)
  Blork the orc (D:4)
  3 big kobolds
  2 wyvern zombies
  19 bullfrogs
  A glowing shapeshifter simulacrum (Depths:3)
  5 gnoll sergeants
  7 earth elementals
  A cyclops zombie (Crypt:2)
  4 wyvern skeletons
  A cyclops skeleton (Crypt:2)
  Dowan (D:5)
  9 troll zombies (WizLab)
  4 scorpions
  20 killer bees
  10 wights
  5 howler monkeys
  5 electric eels
  4 crimson imps
  5 centaur zombies
  6 quasits
  4 hounds
  A yaktaur simulacrum (Vaults:1)
  2 bullfrog zombies
  32 orc wizards
  8 jellies
  12 orc priests
  7 centaur skeletons
  6 iron imps
  Jessica (D:3)
  3 iguanas
  4 hell rats (Hell)
  6 worker ants
  6 ogre zombies (WizLab)
  4 hound skeletons
  10 mummies
  A howler monkey zombie (Crypt:1)
  17 gnolls
  11 adders
  3 shadow imps
  2 white imps (Abyss:4)
  3 ufetubi
  5 oozes (D:8)
  An iguana zombie (Crypt:2)
  An adder skeleton (D:6)
  2 adder zombies
  A worm (D:2)
  A dart slug (D:2)
  3 leopard geckos
  70 orcs
  4 giant cockroaches
  4 goblins
  4 hobgoblins
  8 jackals
  18 kobolds
  3 quokkas
  4 ball pythons
  5 bats
  13 frilled lizards
  A giant cockroach zombie (D:5)
  9 rats
  2 briar patches (Swamp:2)
  A bush (Lair:3)
  A fungus (Orc:2)
  A lurking horror (Abyss:5)
  3 starspawn tentacles
  3 withered plants (Crypt:3)
3111 creatures vanquished.

Vanquished Creatures (collateral kills)
  A juggernaut (Zig:11)
  A Killer Klown (Zot:5)
  the Enchantress (Depths:3)
  2 liches
  A tentacled monstrosity (Depths:2)
  An Orb Guardian (Zot:5)
  3 titans
  A sphinx (Vaults:5)
  An ancient champion (Hell)
  A shadow dragon (Vaults:5)
  A tengu reaver (Vaults:5)
  4 nagarajas (Snake:4)
  3 azure jellies
  A fire giant (Depths:5)
  A draconian knight (Zot:2)
  2 frost giants (Zig:11)
  A draconian scorcher (Zot:3)
  A vault warden (Vaults:4)
  A deep elf sorcerer (Depths:5)
  An iron dragon (Depths:5)
  An orc warlord (Vaults:5)
  2 juggernaut zombies (Depths:4)
  An ironheart preserver (Vaults:3)
  A draconian stormcaller (Zot:2)
  A draconian annihilator (Zot:5)
  A ghoul (Crypt:2)
  A stone giant (Zig:11)
  A stone giant (shapeshifter) (Vaults:5)
  A very ugly thing (Depths:5)
  2 spriggan defenders
  A vampire knight (Crypt:2)
  3 black draconians
  2 green draconians (Zig:6)
  A deep elf annihilator (Vaults:5)
  3 white draconians
  A purple draconian (Zot:2)
  A yellow draconian (Zot:5)
  2 red draconians
  2 spark wasps (Depths:4)
  3 ettins
  A deep elf high priest (Elf:3)
  2 yaktaur captains
  2 shambling mangroves
  A great orb of eyes (Depths:5)
  4 vault guards
  An alligator (Swamp:2)
  2 two-headed ogres
  A death knight (Vaults:5)
  2 hydras
  A centaur warrior (Depths:5)
  A naga warrior (Snake:3)
  A deep troll earth mage (Depths:5)
  An ogre mage (Vaults:2)
  2 thrashing horrors (Abyss:4)
  A spriggan berserker (Depths:3)
  2 naga sharpshooters (Snake:4)
  A spriggan (Swamp:3)
  A sun demon (Hell)
  A soul eater (Hell)
  Sonja (D:10)
  3 hell knights
  6 skeletal warriors
  A sixfirhy (Abyss:4)
  A spark wasp zombie (Depths:4)
  A golden dragon zombie (Depths:2)
  A swamp dragon (Swamp:4)
  2 wizards (Vaults:3)
  A deep troll (Vaults:3)
  2 phantasmal warriors (Vaults:5)
  2 ironbrand convokers
  2 flayed ghosts
  A shadow dragon zombie (Depths:4)
  A deep elf archer (Elf:3)
  A necromancer (Depths:4)
  An iron dragon zombie (Depths:4)
  3 harpies
  8 ugly things
  2 cyclopes
  A moth of wrath (Zot:5)
  A black mamba (Lair:2)
  A frost giant zombie (Depths:4)
  A centaur zombie (D:11)
  An elephant (Lair:5)
  A rust devil (Hell)
  2 naga magi
  A vault sentinel (Vaults:5)
  A spiny frog (Lair:1)
  A smoke demon (Zig:9)
  An elf zombie (Depths:4)
  A freezing wraith (Zig:9)
  2 torpor snails (Zig:10)
  6 yaktaurs
  An ancient zyme (Abyss:4)
  A red devil (Hell)
  2 trolls
  A tengu conjurer (Depths:1)
  A blink frog (Lair:5)
  2 tyrant leeches
  4 bog bodies
  2 hornets
  11 raiju
  8 slime creatures
  A dream sheep (shapeshifter) (Vaults:5)
  A tarantella (Zig:10)
  A flying skull (Zig:13)
  3 yaks
  4 redbacks
  A water elemental (Depths:4)
  A neqoxec (Abyss:4)
  2 hungry ghosts
  3 vampire mosquitoes
  2 swamp worms
  5 nagas
  A hell hound (Abyss:4)
  2 large abominations
  A small abomination (Abyss:4)
  A swamp drake (Zig:12)
  3 orc warriors
  A black bear (Lair:3)
  A wolf (IceCv)
  4 ogres
  A crocodile (D:9)
  A gnoll sergeant (D:10)
  2 bullfrogs
  2 scorpions
  2 wights (D:6)
  A crimson imp (D:7)
  8 starcursed masses
  2 hounds
  2 orc wizards
  A bullfrog skeleton (D:10)
  2 orc priests (Vaults:5)
  2 centaur skeletons
  An iguana (D:9)
  A worker ant (D:10)
  A hell rat (Hell)
  A mummy (Zig:13)
  A white imp (Abyss:4)
  14 orcs
  4 kobolds
  6 fungi
  A starspawn tentacle (Abyss:4)
276 creatures vanquished.

Vanquished Creatures (others)
  2 deep elf master archers (Elf:3)
  An eldritch tentacle (Zig:7)
  A thorn hunter (Swamp:4)
  A fire giant (Vaults:5)
  A stone giant (Depths:1)
  A deep elf annihilator (Vaults:3)
  A merfolk javelineer (Depths:4)
  A yaktaur captain (Vaults:4)
  A hydra (Swamp:1)
  An ogre mage (Vaults:3)
  2 centaur warriors
  A deep troll earth mage (Depths:1)
  4 naga sharpshooters
  A wretched star (Abyss:3)
  A spriggan (Swamp:1)
  A naga ritualist (Snake:1)
  2 lindwurms (Swamp:4)
  4 deep elf archers
  A swamp dragon (Swamp:4)
  4 deep elf magi
  3 cyclopes
  2 naga magi (Snake:4)
  10 yaktaurs
  A kobold demonologist (D:15)
  A tyrant leech (Swamp:1)
  2 hornets (Swamp:1)
  A fire elemental (Hell)
  A hell hound (Abyss:4)
  An orc warrior (Orc:2)
  A swamp drake (Swamp:1)
  2 centaurs (D:14)
  A big kobold (D:15)
  A small abomination (Abyss:3)
  A crimson imp (Hell)
  2 hell rats (Hell)
  An ufetubus (Abyss:4)
  2 orcs
  A kobold (D:15)
  6 briar patches
  50 fungi
  42 plants
  20 starspawn tentacles
  A withered plant (Crypt:3)
185 creatures vanquished.

Grand Total: 3572 creatures vanquished

Notes
Turn   | Place    | Note
-------+----------+-------------------------------------------
     0 | D:1      | Peloso the Demonspawn Fighter began the quest for the Orb.
     0 | D:1      | Reached XP level 1. HP: 18/18 MP: 1/1
   225 | D:1      | Gained mutation: You are partially covered in large bone
                  | plates. (SH +4) [demonic ancestry]
   225 | D:1      | Reached XP level 2. HP: 20/24 MP: 2/2
   599 | D:1      | Reached XP level 3. HP: 29/29 MP: 3/3
  1024 | D:2      | Reached skill level 3 in Shields
  1391 | D:2      | Gained mutation: You are somewhat resistant to further
                  | mutation. [potion of mutation]
  1391 | D:2      | Gained mutation: Your flesh is cold resistant. (rC+)
                  | [potion of mutation]
  1541 | D:2      | Found a stormy altar of Qazlal.
  1609 | D:2      | Found a glowing golden altar of the Shining One.
  1891 | D:3      | Noticed Jessica
  1899 | D:3      | Killed Jessica
  1899 | D:3      | Reached skill level 1 in Dodging
  1899 | D:3      | Reached XP level 4. HP: 24/35 MP: 4/4
  1938 | D:3      | Found a sacrificial altar of Ru.
  2686 | D:4      | Gained mutation: You have sharp toenails. [demonic
                  | ancestry]
  2686 | D:4      | Reached XP level 5. HP: 23/41 MP: 5/5
  3201 | D:4      | Noticed Blork the orc
  3228 | D:5      | Entered Level 5 of the Dungeon
  3278 | D:5      | Gained mutation: You have razor-sharp toenails. [demonic
                  | ancestry]
  3278 | D:5      | Reached XP level 6. HP: 32/47 MP: 6/6
  3307 | D:5      | Reached skill level 4 in Shields
  3364 | D:5      | Found a shimmering altar of Xom.
  3427 | D:5      | Reached XP level 7. HP: 30/53 MP: 7/7
  3593 | D:5      | Noticed Grinder
  3597 | D:5      | Paralysed by Grinder for 4 turns
  3606 | D:5      | Killed Grinder
  3645 | D:5      | Found a staircase to the Ecumenical Temple.
  3654 | Temple   | Entered the Ecumenical Temple
  3731 | Temple   | Became a worshipper of Warmaster Okawaru
  3758 | D:5      | Reached skill level 5 in Shields
  3766 | D:5      | Noticed Dowan
  3768 | D:5      | Noticed Duvessa
  3791 | D:5      | Killed Dowan
  3812 | D:5      | Killed Duvessa
  3812 | D:5      | Gained mutation: A weak demonic guardian rushes to your
                  | aid. [demonic ancestry]
  3812 | D:5      | Reached XP level 8. HP: 38/60 MP: 8/8
  4169 | D:5      | Reached skill level 5 in Long Blades
  4289 | D:6      | Reached * piety under Okawaru
  4444 | D:6      | Reached skill level 5 in Armour
  4655 | D:6      | Reached skill level 6 in Shields
  4905 | D:6      | Found an ornate altar of the Wu Jian Council.
  5181 | D:7      | Reached ** piety under Okawaru
  5205 | D:7      | Reached skill level 1 in Stealth
  5205 | D:7      | Reached XP level 9. HP: 60/67 MP: 9/9
  5228 | D:7      | Reached skill level 5 in Fighting
  5345 | D:7      | Found a shattered altar of Ashenzari.
  5726 | D:8      | Noticed Psyche
  5744 | D:8      | Killed Psyche
  5744 | D:8      | Reached *** piety under Okawaru
  5795 | D:8      | Noticed Gastronok
  5859 | D:9      | Reached skill level 7 in Shields
  5950 | D:9      | Noticed an obsidian statue
  6035 | D:9      | Paralysed by a hornet for 3 turns
  6035 | D:9      | HP: 3/68 [hornet (11)]
  6047 | D:9      | Paralysed by a hornet for 2 turns
  6483 | D:9      | Found a bloodstained altar of Trog.
  6693 | D:10     | Entered Level 10 of the Dungeon
  6723 | D:9      | Reached **** piety under Okawaru
  6723 | D:9      | Gained mutation: You are mostly covered in large bone
                  | plates. (SH +6) [demonic ancestry]
  6723 | D:9      | Reached XP level 10. HP: 50/76 MP: 10/10
  6970 | D:10     | Reached skill level 8 in Shields
  6971 | D:10     | Found a staircase to the Lair.
  7367 | D:10     | Received a gift from Okawaru
  7634 | D:10     | Reached ***** piety under Okawaru
  7634 | D:10     | Reached skill level 9 in Shields
  7638 | D:10     | Found a staircase to the Orcish Mines.
  8071 | D:10     | Found Replul's Antique Weapon Shoppe.
  8539 | D:10     | Noticed Sonja
  8549 | D:10     | Killed Sonja
  8549 | D:10     | Reached skill level 1 in Invocations
  8549 | D:10     | Gained mutation: You are completely covered in large bone
                  | plates. (SH +8) [demonic ancestry]
  8549 | D:10     | Reached XP level 11. HP: 73/83 MP: 11/11
  8565 | D:10     | Found Atudeug's Weapon Boutique.
  8685 | D:11     | Noticed a two-headed ogre
  8686 | D:11     | Noticed a two-headed ogre
  8716 | D:10     | Killed a two-headed ogre
  8716 | D:10     | Received a gift from Okawaru
  8716 | D:10     | Reached skill level 1 in Evocations
  8738 | D:11     | Noticed a green ugly thing
  8752 | D:10     | Killed a two-headed ogre
  8876 | D:10     | Killed a green ugly thing
  9026 | D:11     | Noticed a centaur warrior
  9033 | D:11     | Noticed a two-headed ogre
  9048 | D:11     | Killed a two-headed ogre
  9048 | D:11     | Reached skill level 10 in Shields
  9365 | D:10     | Killed a centaur warrior
  9365 | D:10     | Received a gift from Okawaru
  9366 | D:10     | Found the +8 orange crystal plate armour {Archmagi, Int+3
                  | Clar}
  9532 | D:11     | Noticed Harold
  9551 | D:11     | Killed Harold
  9641 | D:11     | Noticed a purple ugly thing
  9660 | D:11     | Killed a purple ugly thing
  9715 | D:11     | Reached skill level 10 in Long Blades
 10649 | D:4      | Killed Blork the orc
 10800 | D:8      | Killed Gastronok
 10800 | D:8      | Reached skill level 11 in Shields
 10901 | D:8      | Reached XP level 12. HP: 77/91 MP: 13/13
 10958 | D:8      | Found a radiant altar of Vehumet.
 11460 | D:8      | Found a basalt altar of Yredelemnul.
 11460 | D:8      | Found a sacrificial altar of Ru.
 11460 | D:8      | Noticed a two-headed ogre
 11471 | D:8      | Killed a two-headed ogre
 11483 | D:8      | Found a burning altar of Makhleb.
 11485 | D:8      | Found a hide-covered altar of Uskayaw.
 11486 | D:8      | Found a faded altar of an unknown god.
 11594 | Lair:1   | Entered Level 1 of the Lair of Beasts
 11596 | Lair:1   | Found the +10 zealot's sword {holy, *Rage rN+ EV+3}
 12025 | Lair:1   | Received a gift from Okawaru
 12597 | Lair:2   | Found a staircase to the Snake Pit.
 13396 | Lair:2   | Noticed a six-headed hydra
 13409 | Lair:2   | Killed a six-headed hydra
 13774 | Lair:3   | Reached skill level 1 in Short Blades
 13791 | Lair:3   | Received a gift from Okawaru
 13944 | Lair:3   | Found a shattered altar of Ashenzari.
 13963 | Lair:3   | Noticed a four-headed hydra
 13974 | Lair:3   | Killed a four-headed hydra
 13974 | Lair:3   | Reached skill level 12 in Shields
 15165 | Lair:4   | Noticed a six-headed hydra
 15175 | Lair:4   | Killed a six-headed hydra
 15220 | Lair:4   | Gained mutation: You have claws for feet. [demonic
                  | ancestry]
 15220 | Lair:4   | Reached XP level 13. HP: 80/99 MP: 15/15
 15306 | Lair:4   | Found a staircase to the Swamp.
 15967 | Lair:5   | Received a gift from Okawaru
 16424 | Lair:5   | Received a gift from Okawaru
 16437 | Lair:5   | Got a brightly glowing quick blade {god gift}
 16438 | Lair:5   | Identified the +11 quick blade of Imbalance {pierce, MR+}
                  | (Okawaru gifted it to you on level 5 of the Lair of Beasts)
 16502 | Lair:5   | You fall into a shaft and drop 1 floor!
 16502 | Lair:6   | Entered Level 6 of the Lair of Beasts
 16625 | Lair:6   | Found a gate leading to a gauntlet.
 16634 | Gauntlet | Entered a Gauntlet
 16634 | Gauntlet | Found a transporter.
 16634 | Gauntlet | Found a transporter.
 16637 | Gauntlet | Found a transporter.
 16638 | Gauntlet | Found a transporter.
 16638 | Gauntlet | Found a transporter.
 16638 | Gauntlet | Found a transporter.
 16651 | Gauntlet | Found a transporter.
 16655 | Gauntlet | Found a transporter.
 16667 | Gauntlet | Found a transporter.
 16785 | Gauntlet | Found a transporter.
 16787 | Gauntlet | Found a transporter.
 16803 | Gauntlet | Found a transporter.
 16925 | Gauntlet | Got a smoking bone amulet
 16926 | Gauntlet | Identified the amulet "Feafea" {Reflect Fragile Str+4 Int+3
                  | SH+3} (You found it in a Gauntlet)
 17163 | Gauntlet | Reached skill level 13 in Shields
 17540 | Gauntlet | Identified the +3 acid dragon scales of Elyvilon's Wrath
                  | {rCorr Int-5 Dex+3 Slay+3 SInv}
 17540 | Gauntlet | Noticed a minotaur
 17566 | Gauntlet | Killed a minotaur
 17720 | Lair:6   | Received a gift from Okawaru
 17723 | Lair:6   | Found a staircase to the Slime Pits.
 17723 | Lair:6   | Found a viscous altar of Jiyva.
 17739 | Lair:6   | Got a polished scimitar {god gift}
 17740 | Lair:6   | Identified the +1 scimitar "Jellyslayer" {slice, *Contam
                  | rF+ Int+4 Dex+5} (Okawaru gifted it to you on level 6 of
                  | the Lair of Beasts)
 18314 | D:4      | Found a shimmering blue altar of Sif Muna.
 19589 | D:12     | Noticed Nergalle
 19603 | D:12     | Killed Nergalle
 19603 | D:12     | Received a gift from Okawaru
 19636 | D:12     | Reached skill level 5 in Short Blades
 19636 | D:12     | Reached XP level 14. HP: 106/106 MP: 16/16
 19997 | D:12     | Found a transporter.
 20018 | D:12     | Found a transporter.
 20281 | Orc:1    | Entered Level 1 of the Orcish Mines
 20485 | Orc:1    | Found a runed translucent gate.
 20485 | Orc:1    | Found a runed translucent gate.
 20486 | Orc:1    | Found a runed translucent gate.
 20488 | Orc:1    | Noticed Tecwutamp's ghost (journeyman NaEn)
 20596 | Orc:1    | Reached skill level 14 in Shields
 20760 | Orc:1    | Found a roughly hewn altar of Beogh.
 21251 | Orc:2    | Entered Level 2 of the Orcish Mines
 21290 | Orc:2    | Received a gift from Okawaru
 21495 | Orc:2    | Found Buich's Jewellery Shoppe.
 21826 | Orc:2    | Found Nuwkubi's Antique Weapon Shop.
 21846 | Orc:2    | Bought a glowing long sword for 162 gold pieces
 21857 | Orc:2    | Noticed an orc warlord
 21905 | Orc:2    | Killed an orc warlord
 22079 | Orc:2    | Found Vibremix's Antique Armour Emporium.
 22083 | Orc:2    | Found a staircase to the Elven Halls.
 22090 | Orc:2    | Bought a faintly humming chain mail for 228 gold pieces
 22210 | Orc:2    | Identified the +1 chain mail of Uscholi Acoo {rElec Dex+3}
                  | (You bought it in a shop on level 2 of the Orcish Mines)
 22682 | Orc:2    | Noticed an orc warlord
 22733 | Orc:2    | Found Garotait's General Store.
 22864 | Orc:2    | Killed an orc warlord
 23113 | Orc:2    | Bought a scroll of acquirement for 780 gold pieces
 23408 | D:13     | Received a gift from Okawaru
 23480 | D:13     | Noticed Snorg
 23486 | D:13     | Killed Snorg
 23491 | D:13     | Found a white marble altar of Elyvilon.
 23498 | D:13     | Found a runed translucent door.
 23498 | D:13     | Noticed a daeva
 23875 | D:13     | Noticed Josephine
 23899 | D:13     | Killed Josephine
 23899 | D:13     | Reached skill level 15 in Shields
 24008 | D:13     | Reached XP level 15. HP: 115/115 MP: 17/17
 24777 | D:14     | Received a gift from Okawaru
 24814 | D:14     | Found a frozen archway.
 24890 | IceCv    | Entered an ice cave
 25177 | IceCv    | Reached skill level 10 in Fighting
 25651 | IceCv    | Noticed a frost giant
 25667 | IceCv    | Killed a frost giant
 25667 | IceCv    | Received a gift from Okawaru
 25667 | IceCv    | Reached ****** piety under Okawaru
 25719 | IceCv    | Got a polished falchion {god gift}
 25720 | IceCv    | Identified the +5 falchion "Pendulum" {flame, rF+} (Okawaru
                  | gifted it to you in an ice cave)
 25766 | IceCv    | Identified the Papyrus of the Meadowlark
 25822 | D:14     | Found Lujas's Hallowed Reliquary.
 25824 | D:14     | Found a white marble altar of Elyvilon.
 25831 | D:14     | Bought a potion of heal wounds for 65 gold pieces
 25831 | D:14     | Bought a potion of heal wounds for 65 gold pieces
 25892 | D:14     | Found a gate to the Vaults.
 26230 | D:14     | Received a gift from Okawaru
 26633 | D:14     | Found a shimmering altar of Xom.
 26758 | D:14     | Reached skill level 16 in Shields
 27076 | D:15     | Entered Level 15 of the Dungeon
 27761 | D:15     | Found a blossoming altar of Fedhas.
 27905 | D:15     | Reached XP level 16. HP: 123/123 MP: 19/19
 28076 | D:15     | Found a staircase to the Depths.
 28257 | D:15     | Received a gift from Okawaru
 28292 | D:15     | Got translucent swamp dragon scales {god gift}
 28310 | D:14     | Identified the +6 swamp dragon scales of the Marlin {rPois
                  | rF+ Dex+3} (Okawaru gifted it to you on level 15 of the
                  | Dungeon)
 28327 | D:15     | Identified the +3 long sword of Biluu {freeze, rElec MR+
                  | SInv}
 28915 | Lair:6   | Noticed Kirke
 29057 | Lair:6   | Killed Kirke
 29753 | Lair:6   | Reached skill level 17 in Shields
 29786 | Lair:6   | Reached skill level 5 in Dodging
 29802 | Lair:6   | Got a slimy sapphire amulet
 29808 | Lair:6   | Identified the amulet of Busm {Regen+ Slay+3 Stlth+} (You
                  | found it on level 6 of the Lair of Beasts)
 30153 | Swamp:1  | Entered Level 1 of the Swamp
 30656 | Swamp:1  | Noticed Nikola
 30699 | Swamp:1  | Noticed a thorn hunter
 30717 | Swamp:1  | Noticed a thorn hunter
 30744 | Swamp:1  | Noticed Roxanne
 30786 | Swamp:1  | HP: 6/124 [alligator (6)]
 31799 | Swamp:1  | Killed a thorn hunter
 31830 | Swamp:1  | Killed a thorn hunter
 31938 | Swamp:1  | Received a gift from Okawaru
 32398 | Snake:1  | Entered Level 1 of the Snake Pit
 32632 | Snake:1  | Identified the ring of Azxot {rC+ Int+3 Dex+5 Slay+2}
 33524 | Snake:1  | Gained mutation: Your flesh is heat resistant. (rF+)
                  | [demonic ancestry]
 33524 | Snake:1  | Reached XP level 17. HP: 128/131 MP: 20/20
 33671 | Snake:1  | Noticed Frances
 33679 | Snake:1  | Killed Frances
 34545 | Swamp:1  | Killed Nikola
 34545 | Swamp:1  | Reached skill level 18 in Shields
 34837 | Swamp:1  | Killed Roxanne
 35534 | D:9      | Found a sparkling altar of Nemelex Xobeh.
 39100 | Snake:2  | Reached skill level 10 in Armour
 39183 | Snake:3  | Received a gift from Okawaru
 40266 | Snake:3  | Got an ichor-stained falchion {god gift}
 40267 | Snake:3  | Identified the +5 falchion "Juufod" {slice, +Rage Dex+6}
                  | (Okawaru gifted it to you on level 3 of the Snake Pit)
 40476 | Snake:3  | Noticed Aizul
 40500 | Snake:3  | Killed Aizul
 40676 | Snake:3  | Received a gift from Okawaru
 40810 | Snake:3  | Found Tihothypn's Book Boutique.
 41005 | Snake:3  | Noticed Vashnia
 41028 | Snake:3  | Killed Vashnia
 41028 | Snake:3  | Reached skill level 19 in Shields
 41375 | Orc:1    | Killed Tecwutamp's ghost
 41375 | Orc:1    | Reached skill level 5 in Invocations
 41459 | Elf:1    | Entered Level 1 of the Elven Halls
 41463 | Elf:1    | Gained mutation: You are robust. (+10% HP) [demonic
                  | ancestry]
 41463 | Elf:1    | Reached XP level 18. HP: 133/152 MP: 21/21
 42097 | Elf:1    | Found Boag's Jewellery Boutique.
 42365 | Elf:1    | Received a gift from Okawaru
 42559 | Elf:1    | Found the +8 storm bow {elec, penet}
 42760 | Elf:1    | Got a smoking marble ring
 42761 | Elf:1    | Identified the ring of Foolhardiness {rC+ Str+3 Stlth+}
                  | (You found it on level 1 of the Elven Halls)
 43146 | Elf:2    | Found an ancient bone altar of Kikubaaqudgha.
 43146 | Elf:2    | Found Oturyi Gergh's Armour Shoppe.
 43168 | Elf:2    | Found Anliylo's Jewellery Emporium.
 43185 | Elf:2    | Bought the ring of Acoenau {rC+ Str+9 Int+3} for 826 gold
                  | pieces
 43258 | Elf:2    | Found Maiseorr's General Store.
 43350 | Elf:2    | Found Naicvuat's Weapon Shop.
 44178 | Elf:3    | Entered Level 3 of the Elven Halls
 44183 | Elf:3    | Found Dedgh's Magic Scroll Emporium.
 44240 | Elf:3    | Found a magical portal.
 44265 | WizLab   | Entered Zonguldrok's Shrine
 44525 | WizLab   | Noticed an antique lich
 44529 | WizLab   | Noticed a Hell Sentinel
 44532 | WizLab   | Noticed a Brimstone Fiend
 44540 | WizLab   | Killed an antique lich
 44545 | WizLab   | Found the +9 sword of Zonguldrok {reap}
 44670 | WizLab   | Reached skill level 20 in Shields
 44757 | Elf:3    | Found the +2 hat of the Bear Spirit {Spirit, +Rage rN+
                  | MR++}
 44757 | Elf:3    | Bought a scroll of acquirement for 780 gold pieces
 44804 | Elf:3    | Reached skill level 5 in Stealth
 45063 | Elf:3    | Received a gift from Okawaru
 45139 | Elf:3    | Found a radiant altar of Vehumet.
 45453 | Elf:3    | Noticed a Hell Sentinel
 45479 | Elf:3    | Reached XP level 19. HP: 161/161 MP: 23/23
 45883 | Elf:3    | Reached skill level 15 in Long Blades
 46045 | Elf:3    | Identified the ring "Huczabo" {*Tele rPois Str+2 Dex+2}
 46052 | Elf:3    | Identified the amulet of the Distant Future {RegenMP
                  | Slay+3}
 46058 | Elf:3    | Noticed a Brimstone Fiend
 46710 | Elf:3    | Received a gift from Okawaru
 46904 | Elf:3    | Identified the +9 rapier "Okhloatau" {freeze, Str+3}
 48106 | Elf:2    | Found a huge runed translucent gate.
 48106 | Elf:2    | Found a huge runed translucent gate.
 48106 | Elf:2    | Found a huge runed translucent gate.
 48106 | Elf:2    | Found a huge runed translucent gate.
 48106 | Elf:2    | Found a huge runed translucent gate.
 48776 | Snake:4  | Entered Level 4 of the Snake Pit
 48801 | Snake:4  | Got a clouded sapphire amulet
 48802 | Snake:4  | Identified the amulet of Sif Muna's Delight {Spirit Str+2
                  | Int+3 Dex+5} (You found it on level 4 of the Snake Pit)
 49631 | Snake:4  | Received a gift from Okawaru
 49631 | Snake:4  | Reached skill level 21 in Shields
 49948 | Snake:4  | Got a serpentine rune of Zot
 50749 | Swamp:2  | Reached XP level 20. HP: 111/171 MP: 19/24
 51039 | Swamp:2  | Found the +11 plutonium sword {*Contam Stlth-}
 51599 | Swamp:2  | Found the amulet of the Four Winds {rN+ MR+++ Clar}
 51866 | Swamp:3  | Noticed Donald
 52187 | Swamp:2  | Killed Donald
 52348 | Swamp:3  | Received a gift from Okawaru
 52353 | Swamp:3  | Got a smoking falchion {god gift}
 52362 | Swamp:3  | Identified the +1 falchion of Sunlight {freeze, Dex+2}
                  | (Okawaru gifted it to you on level 3 of the Swamp)
 52452 | Swamp:3  | Noticed Jorgrun
 52459 | Swamp:3  | Killed Jorgrun
 53042 | Swamp:4  | Entered Level 4 of the Swamp
 53048 | Swamp:4  | Found the macabre finger necklace {rN+}
 53501 | Swamp:4  | Got a decaying rune of Zot
 53771 | Swamp:4  | Found the +8 demon blade "Bloodbane" {slice, *Rage +Rage
                  | Stlth-}
 54560 | Vaults:1 | Entered Level 1 of the Vaults
 54636 | Vaults:1 | Got a faintly glowing chain mail
 54647 | Vaults:1 | Identified the +8 chain mail "Wenkyir" {rCorr} (You found
                  | it on level 1 of the Vaults)
 54781 | Vaults:1 | Found an opulent altar of Gozag.
 55023 | Vaults:1 | Received a gift from Okawaru
 56036 | Vaults:2 | Reached skill level 22 in Shields
 56190 | Vaults:2 | Gained mutation: You are immune to clouds of flame.
                  | [demonic ancestry]
 56190 | Vaults:2 | Reached XP level 21. HP: 180/180 MP: 25/25
 56977 | Vaults:2 | Received a gift from Okawaru
 57458 | Vaults:3 | Found a staircase to the Crypt.
 57590 | Vaults:3 | Received a gift from Okawaru
 58785 | Vaults:4 | Found Odeunouc's Jewellery Boutique.
 58787 | Vaults:4 | Found Qivvep's Weapon Shoppe.
 58791 | Vaults:4 | Bought a cursed ring of teleportation for 99 gold pieces
 58995 | Vaults:4 | Received a gift from Okawaru
 59037 | Vaults:4 | Reached skill level 23 in Shields
 59232 | Vaults:4 | Found Ephe Uwy's Weapon Emporium.
 59265 | Vaults:4 | Gained mutation: A demonic guardian rushes to your aid.
                  | [demonic ancestry]
 59265 | Vaults:4 | Reached XP level 22. HP: 191/191 MP: 26/26
 59574 | Vaults:4 | Reached skill level 15 in Fighting
 59938 | Vaults:5 | Entered Level 5 of the Vaults
 59945 | Vaults:5 | Noticed Xtahua
 59956 | Vaults:5 | Noticed Jory
 59988 | Vaults:4 | Killed Xtahua
 60590 | Vaults:4 | Killed Jory
 60603 | Vaults:5 | Noticed a golden dragon
 60625 | Vaults:4 | Killed a golden dragon
 61065 | Vaults:5 | Noticed a golden dragon
 61072 | Vaults:5 | Received a gift from Okawaru
 61085 | Vaults:5 | Killed a golden dragon
 61134 | Vaults:5 | Got a warped wooden ring
 61148 | Vaults:5 | Got a distressingly furry hat {god gift}
 61172 | Vaults:5 | Noticed a golden dragon
 61402 | D:13     | Identified the +2 hat of Soereu {+Blink Int+4} (Okawaru
                  | gifted it to you on level 5 of the Vaults)
 61443 | D:13     | Identified the ring "Nailuosi" {*Contam Str+8 Slay+3 SInv
                  | Stlth-} (You found it on level 5 of the Vaults)
 61736 | Vaults:5 | Killed a golden dragon
 62104 | Vaults:5 | Reached skill level 24 in Shields
 62156 | Vaults:5 | Gained mutation: Your demonic aura causes spilled blood to
                  | erupt in flames. [demonic ancestry]
 62156 | Vaults:5 | Reached XP level 23. HP: 62/200 MP: 3/27
 62178 | Vaults:5 | HP: 2/200 [titan/the air (18)]
 62507 | Vaults:5 | Noticed an ancient lich
 62523 | Vaults:5 | Killed an ancient lich
 62523 | Vaults:5 | Received a gift from Okawaru
 63167 | Vaults:5 | Found Kaitzise's Magic Scroll Shop.
 63167 | Vaults:5 | Found Vihuu's Magic Scroll Shoppe.
 63197 | Vaults:5 | Got a silver rune of Zot
 63828 | Vaults:5 | Found Tereshot's Magic Scroll Shop.
 63888 | Vaults:5 | Identified Sif Muna's Tome of Cankerous Snow
 64135 | Vaults:5 | Found the +7 sceptre of Torment {pain, torment}
 64656 | Depths:1 | Entered Level 1 of the Depths
 64913 | Depths:1 | Found a gateway to Hell.
 65118 | Depths:1 | Found a one-way gate leading to the halls of Pandemonium.
 65145 | Depths:1 | Found a gateway to a ziggurat.
 65224 | Depths:1 | Found a runed translucent gate.
 65225 | Depths:1 | Found a runed translucent gate.
 65226 | Depths:1 | Found a runed translucent gate.
 65228 | Depths:1 | Found a runed translucent gate.
 65228 | Depths:1 | Found a runed translucent gate.
 65228 | Depths:1 | Found a runed translucent gate.
 65229 | Depths:1 | Found the +2 Maxwell's thermic engine {flame, freeze}
 66142 | Depths:2 | Received a gift from Okawaru
 66172 | Depths:2 | Found a one-way gate to the infinite horrors of the Abyss.
 66242 | Depths:2 | Noticed a caustic shrike
 66247 | Depths:2 | Killed a caustic shrike
 66327 | Depths:2 | Received a gift from Okawaru
 66856 | Depths:2 | Identified the +5 war axe of True Grit {speed, rN+}
 67421 | Depths:2 | Gained mutation: A powerful demonic guardian rushes to your
                  | aid. [demonic ancestry]
 67421 | Depths:2 | Reached XP level 24. HP: 212/212 MP: 27/27
 67688 | Depths:3 | Reached skill level 25 in Shields
 67899 | Depths:3 | Noticed the Enchantress
 67917 | Depths:3 | Killed the Enchantress
 68334 | Depths:3 | Found a glowing golden altar of the Shining One.
 68342 | Depths:3 | Found the +12 Vampire's Tooth {vamp}
 68535 | Depths:3 | Noticed Boris
 68563 | Depths:3 | Killed Boris
 68563 | Depths:3 | Received a gift from Okawaru
 69080 | Depths:4 | Found a corrupted altar of Lugonu.
 69170 | Depths:4 | Found a flickering gateway to a bazaar.
 69181 | Bazaar   | Entered a bazaar
 69181 | Bazaar   | Found Rougoamn's Gadget Shop.
 69181 | Bazaar   | Found Dely's Antique Weapon Shop.
 69199 | Bazaar   | Found Haaclev's Antique Armour Emporium.
 69210 | Bazaar   | Found Manupt's General Store.
 69219 | Bazaar   | Bought a potion of might for 48 gold pieces
 69230 | Bazaar   | Found Ecadgh's Magic Scroll Emporium.
 69250 | Bazaar   | Bought a fine long sword for 204 gold pieces
 69252 | Bazaar   | Identified the +0 long sword of Objectivity {slice, rF+++
                  | rC- Dex+5} (You bought it in a shop in a bazaar)
 69275 | Bazaar   | Bought a distressingly furry plate armour for 896 gold
                  | pieces
 69278 | Bazaar   | Identified the +4 plate armour of Milovi {+Inv Regen+
                  | rCorr} (You bought it in a shop in a bazaar)
 69822 | Depths:4 | Noticed a greater mummy
 69823 | Depths:4 | Found the +3 hat of Pondering {ponderous, MR+ MP+10 Int+5}
 69832 | Depths:4 | Killed a greater mummy
 69923 | Depths:4 | Noticed Saint Roka
 69942 | Depths:4 | Killed Saint Roka
 70404 | Depths:5 | Entered Level 5 of the Depths
 70800 | Depths:5 | Received a gift from Okawaru
 71154 | Depths:5 | Found a gate to the Realm of Zot.
 71544 | Depths:5 | Reached XP level 25. HP: 220/220 MP: 27/27
 72250 | Depths:5 | Got a steaming scale mail {god gift}
 72557 | Depths:5 | Reached skill level 26 in Shields
 73149 | Depths:5 | Received a gift from Okawaru
 73167 | Depths:5 | Got a bloodstained short sword {god gift}
 73524 | D:12     | Identified the Collected Works on Venomous Ignition
 74100 | Vaults:3 | Identified the +1 short sword of the Valley {speed, Fragile
                  | Int+4 Stlth+} (Okawaru gifted it to you on level 5 of the
                  | Depths)
 74218 | Vaults:5 | Identified the +4 scale mail of Fallacy {Str+2} (Okawaru
                  | gifted it to you on level 5 of the Depths)
 75142 | Crypt:1  | Entered Level 1 of the Crypt
 75807 | Crypt:2  | Received a gift from Okawaru
 76485 | Crypt:3  | Entered Level 3 of the Crypt
 76920 | Crypt:3  | Found a staircase to the Tomb.
 77332 | Crypt:3  | Received a gift from Okawaru
 77557 | Crypt:3  | Gained mutation: You are very robust. (+20% HP) [demonic
                  | ancestry]
 77557 | Crypt:3  | Reached XP level 26. HP: 171/251 MP: 23/27
 77778 | Crypt:3  | Found a basalt altar of Yredelemnul.
 78663 | Crypt:3  | Got a steaming trident
 78664 | Crypt:3  | Identified the cursed +0 trident "Jofappudgh" {pierce,
                  | Dex+5} (You found it on level 3 of the Crypt)
 79488 | Zot:1    | Entered Level 1 of the Realm of Zot
 79514 | Zot:1    | Received a gift from Okawaru
 79514 | Zot:1    | Reached skill level 27 in Shields
 80573 | Zot:2    | Received a gift from Okawaru
 81240 | Zot:2    | Found a basalt altar of Yredelemnul.
 81249 | Zot:2    | Reached skill level 15 in Armour
 81272 | Zot:2    | Identified the Grimoire of Fire and Brimstone
 81282 | Zot:2    | Identified the Almanac of the Zealot
 81621 | Zot:3    | Received a gift from Okawaru
 82078 | Zot:3    | Found a basalt altar of Yredelemnul.
 82210 | Zot:3    | Gained mutation: You are extremely robust. (+30% HP)
                  | [demonic ancestry]
 82210 | Zot:3    | Reached XP level 27. HP: 130/289 MP: 20/27
 82880 | Zot:5    | Entered Level 5 of the Realm of Zot
 83466 | Zot:2    | Got a pair of encrusted gloves
 83477 | Zot:2    | Identified the -2 pair of gloves "Laseow" {rCorr MP-9
                  | Int+2} (You acquired it on level 2 of the Realm of Zot)
 83624 | Hell     | Entered the Vestibule of Hell
 83637 | Hell     | Noticed Geryon
 83670 | Hell     | Killed Geryon
 83737 | Hell     | Found a gateway to the ashen valley of Gehenna.
 84177 | Hell     | Found a gateway to the Iron City of Dis.
 84331 | Hell     | Found a gateway to the freezing wastes of Cocytus.
 84401 | Hell     | Received a gift from Okawaru
 84417 | Hell     | Got an ichor-stained helmet {god gift}
 84418 | Hell     | Identified the +2 helmet of the Crushed Souls {Int+3}
                  | (Okawaru gifted it to you in the Vestibule of Hell)
 84452 | Hell     | Found a gateway to the decaying netherworld of Tartarus.
 86785 | Slime:1  | Entered Level 1 of the Pits of Slime
 87124 | Slime:3  | Gained mutation: Scrolls take you a little longer to read.
                  | [a shining eye]
 87159 | Slime:3  | You fall into a shaft and drop 1 floor!
 87221 | Slime:4  | Noticed Dissolution
 87236 | Slime:4  | Killed Dissolution
 87315 | Slime:5  | Entered Level 5 of the Pits of Slime
 87508 | Slime:4  | Received a gift from Okawaru
 87557 | Slime:5  | Noticed the Royal Jelly
 87571 | Slime:5  | Killed the Royal Jelly
 88112 | Slime:5  | Found the +0 staff of Battle
 88125 | Slime:5  | Got a slimy rune of Zot
 88190 | Slime:5  | Got a scintillating lapis lazuli ring
 88193 | Slime:5  | Identified the ring "Moazou" {rC+ MR+ Dex+3} (You found it
                  | on level 5 of the Pits of Slime)
 88200 | Slime:5  | Got a polished chain mail
 88203 | Slime:5  | Identified the +3 chain mail "Regeaw" {Dex+2} (You found it
                  | on level 5 of the Pits of Slime)
 88212 | Slime:5  | Identified Zufiolui's Reference Book on Cold
 88381 | Slime:5  | Got a brightly glowing morningstar
 88384 | Slime:5  | Identified the +6 morningstar of Distant Shores {distort,
                  | rF+ Str-3 Dex+4} (You found it on level 5 of the Pits of
                  | Slime)
 88990 | Depths:4 | Voluntarily entered the Abyss.
 89206 | Abyss:3  | Found a corrupted altar of Lugonu.
 89263 | Abyss:3  | Found a corrupted altar of Lugonu.
 89395 | Abyss:3  | Found a corrupted altar of Lugonu.
 89512 | Abyss:3  | Received a gift from Okawaru
 89665 | Depths:4 | Escaped the Abyss
 89882 | Depths:4 | Voluntarily entered the Abyss.
 90939 | Abyss:4  | Gained mutation: You tend to lose your temper in combat. [a
                  | shining eye]
 90980 | Abyss:5  | Entered Level 5 of the Abyss
 91088 | Depths:4 | Escaped the Abyss
 91562 | Zot:4    | Received a gift from Okawaru
 91566 | Zot:4    | Got a scorched scimitar {god gift}
 92496 | Zot:5    | Received a gift from Okawaru
 92953 | Zot:5    | Noticed an orb of fire
 92953 | Zot:5    | Noticed an orb of fire
 92954 | Zot:5    | Gained mutation: Armour fits poorly on your strangely
                  | shaped body. [an orb of fire]
 92964 | Zot:5    | Killed an orb of fire
 92970 | Zot:5    | Killed an orb of fire
 93281 | Zot:5    | Received a gift from Okawaru
 93349 | Zot:5    | Noticed an orb of fire
 93350 | Zot:5    | Noticed an orb of fire
 93358 | Zot:5    | Noticed an orb of fire
 93362 | Zot:5    | Killed an orb of fire
 93364 | Zot:5    | Noticed an orb of fire
 93368 | Zot:5    | Killed an orb of fire
 93750 | Zot:5    | Gained mutation: Scrolls take you longer to read. [an orb
                  | of fire]
 93754 | Zot:5    | Killed an orb of fire
 93847 | Zot:5    | Killed an orb of fire
 93972 | Zot:5    | Received a gift from Okawaru
 93981 | Zot:5    | Got an ancient crystal plate armour {god gift}
 93984 | Zot:5    | Identified the +1 crystal plate armour of Eternal Vigilance
                  | {Str-5 Dex+5} (Okawaru gifted it to you on level 5 of the
                  | Realm of Zot)
 93992 | Zot:5    | Identified the +1 scimitar of Futrip {protect, rPois rC+
                  | rN+ Dex+3} (Okawaru gifted it to you on level 4 of the
                  | Realm of Zot)
 94026 | Zot:5    | Noticed an orb of fire
 94046 | Zot:5    | Noticed an orb of fire
 94049 | Zot:5    | Killed an orb of fire
 94052 | Zot:5    | Gained mutation: You occasionally shout uncontrollably at
                  | your foes. [an orb of fire]
 94060 | Zot:5    | Gained mutation: Scrolls take you much longer to read. [an
                  | orb of fire]
 94069 | Zot:5    | Killed an orb of fire
 94330 | Zot:5    | Noticed an orb of fire
 94342 | Zot:5    | Killed an orb of fire
 94843 | Zot:5    | Lost mutation: Scrolls take you much longer to read.
                  | [potion of mutation]
 94843 | Zot:5    | Lost mutation: Armour fits poorly on your strangely shaped
                  | body. [potion of mutation]
 94843 | Zot:5    | Lost mutation: Scrolls take you longer to read. [potion of
                  | mutation]
 94843 | Zot:5    | Gained mutation: You have an increased reservoir of magic.
                  | (+10% MP) [potion of mutation]
 95332 | Zig:1    | Entered Level 1 of a ziggurat
 95352 | Zig:2    | Entered Level 2 of a ziggurat
 95377 | Zig:3    | Entered Level 3 of a ziggurat
 95412 | Zig:4    | Entered Level 4 of a ziggurat
 95444 | Zig:4    | Got a distressingly furry chain mail
 95447 | Zig:4    | Identified the +3 chain mail of the Kraken {rF+} (You found
                  | it on level 4 of a ziggurat)
 95458 | Zig:5    | Entered Level 5 of a ziggurat
 95533 | Zig:6    | Entered Level 6 of a ziggurat
 95553 | Zig:6    | Received a gift from Okawaru
 95567 | Zig:6    | Got an encrusted falchion {god gift}
 95573 | Zig:6    | Identified the +1 falchion "Irodgh" {venom, MR+ Int+5 Dex-4
                  | SInv} (Okawaru gifted it to you on level 6 of a ziggurat)
 95609 | Zig:7    | Entered Level 7 of a ziggurat
 95621 | Zig:7    | Noticed Lecy the pandemonium lord
 95643 | Zig:7    | HP: 9/312 [Lecy the pandemonium lord (11)]
 95660 | Zig:7    | HP: 7/312 [balrug/bolt of fire[a shadow demon] (17)]
 95668 | Zig:7    | Killed Lecy the pandemonium lord
 96133 | Zig:8    | Entered Level 8 of a ziggurat
 96146 | Zig:8    | Noticed an ancient lich
 96163 | Zig:8    | Killed an ancient lich
 96402 | Zig:8    | Identified Cyagh's Disquisition on the Supportive Voyage
 96411 | Zig:8    | Reached skill level 1 in Polearms
 96411 | Zig:8    | Reached skill level 1 in Throwing
 96411 | Zig:8    | Reached skill level 10 in Stealth
 96411 | Zig:8    | Reached skill level 1 in Unarmed Combat
 96411 | Zig:8    | Reached skill level 1 in Spellcasting
 96546 | Zig:9    | Entered Level 9 of a ziggurat
 96581 | Zig:9    | Paralysed by accursed screaming for 1 turns
 96588 | Zig:9    | Paralysed by accursed screaming for 2 turns
 96609 | Zig:9    | Paralysed by accursed screaming for 1 turns
 96620 | Zig:9    | Received a gift from Okawaru
 96650 | Zig:9    | Got a scintillating steel ring
 96653 | Zig:9    | Identified the ring "Ugiozan" {rPois EV+2} (You found it on
                  | level 9 of a ziggurat)
 96763 | Zig:10   | Entered Level 10 of a ziggurat
 96821 | Zig:10   | Found the +3 warlock's mirror {reflect}
 96967 | Zig:11   | Entered Level 11 of a ziggurat
 96976 | Zig:11   | Noticed a juggernaut
 96984 | Zig:11   | Killed a juggernaut
 97160 | Zig:11   | Got a transparent bronze ring
 97163 | Zig:11   | Identified the ring of Qiypp {*Corrode *Slow MP+9 Str+9
                  | Stlth+} (You found it on level 11 of a ziggurat)
 97175 | Zig:12   | Entered Level 12 of a ziggurat
 97287 | Zig:12   | Got a shimmering glaive
 97290 | Zig:12   | Identified the +6 glaive of Proximity {speed, MR+} (You
                  | found it on level 12 of a ziggurat)
 97295 | Zig:13   | Entered Level 13 of a ziggurat
 97315 | Zig:13   | Noticed a greater mummy
 97340 | Zig:13   | Killed a greater mummy
 97360 | Zig:13   | Noticed a greater mummy
 97360 | Zig:13   | Noticed a greater mummy
 97366 | Zig:13   | Noticed a greater mummy
 97372 | Zig:13   | Killed a greater mummy
 97375 | Zig:13   | HP: 12/313 [shadow dragon skeleton (5)]
 97376 | Zig:13   | HP: 5/314 [greater mummy/divine providence (13)]
 97378 | Zig:13   | Killed by a guardian mummy's death curse

Levels and vault maps discovered:
D:1:      lightli_arrival_maybe_door_vault, layout_loops_corners
D:2:      layout_rooms, nicolae_tso_carved_into_rock,
          nicolae_qazlal_eye_of_the_storm
D:3:      layout_loops_ring, nicolae_ru_path_of_blood, uniq_jessica
D:4:      layout_loops_ring, tgw_sif, first_ration, minmay_misc_feat_room
D:5:      layout_basic, xom_butterflies, minmay_temple_entry_waves,
          uniq_duvessa, uniq_grinder
D:6:      layout_gridville, kennysheep_little_box
D:7:      layout_rooms, cheibrodos_ashenzari_chains
D:8:      layout_rooms, vehumet_crystals, chequers_temple_overflow_minitemple,
          hangedman_little_slice_of_home, uniq_psyche, uniq_gastronok
D:9:      layout_rooms, nicolae_overflow_hidden_temple, kennysheep_mini,
          minmay_protected_statue
D:10:     layout_roguey, minmay_lair_entry_grove,
          kennysheep_orc_monster_closet_entryway, serial_shops,
          nicolae_shop_behind_doors, shop_fountains, abandoned_shop, uniq_sonja
D:11:     layout_rooms, special_room [special_room_bee], uniq_harold
D:12:     gammafunk_wand_slinger, layout_basic, minmay_misc_feat_enclosed,
          drop_trap, chequers_serial_rivers_micro_c, uniq_nergalle
D:13:     layout_long_grid, hangedman_abyss_or_decor_stagger,
          lemuel_angel_altar, uniq_snorg, uniq_josephine
D:14:     argonaut_augean_stables, layout_basic,
          skrybe_vaults_entry_preservation,
          portal_ice_cave_entry_animals_and_master, kennysheep_flooded_box,
          nicolae_good_shop
D:15:     grunt_enter_depths_magical_seal, layout_small_grid, fedhas_altar_2,
          hangedman_aviary
Temple:   jpeg_temple_clearing
Lair:1:   layout_chaotic_city, st_stairs_12, infiniplex_staircase_pool_2,
          serial_bayou_shore_b
Lair:2:   layout_cave_pods, minmay_snake_entry_guardpost_small,
          infiniplex_staircase_pool
Lair:3:   minmay_lair_oklob_tunnel, layout_chaotic_city, basic_altar,
          serial_forest, infiniplex_forest_fountain,
          infiniplex_forest_lined_3_way, infiniplex_forest_lined_corner,
          infiniplex_forest_end_2, infiniplex_forest_clump_double,
          infiniplex_forest_lined_corner, lemuel_fruit_tree
Lair:4:   layout_loops_ring, minmay_swamp_entry_worms,
          chequers_serial_rivers_room_a
Lair:5:   layout_regular_city
Lair:6:   minmay_lair_end_enchanted_forest, layout_loops_ring, slime_altar_1,
          gauntlet_entry_generic, grunt_megastairs_5, uniq_kirke
Swamp:1:  layout_falls_marsh, evilmike_swamp_ruin_house_5, uniq_nikola,
          uniq_roxanne
Swamp:2:  nicolae_swamp_phyte_club, layout_basic_swamp,
          evilmike_swamp_ruin_house_4
Swamp:3:  layout_basic_swamp, evilmike_swamp_ruin_rubble_2, swamp_pool3,
          uniq_jorgrun, uniq_donald
Swamp:4:  swamp_alternative, layout_basic_swamp, swamp_pool2,
          grunt_lady_of_the_lake
Snake:1:  layout_concentric_octagons, drop_trap, evilmike_ambush
          [evilmike_ambush_outer_doors, evilmike_ambush_inner_basic],
          uniq_frances
Snake:2:  layout_grid_maze
Snake:3:  layout_misc_corridors, special_room, serial_shops,
          nicolae_shop_waterfront, st_stairs_7, grunt_megastairs_2,
          serial_bayou_shore_a, serial_bayou_shore_b, uniq_vashnia, uniq_aizul
Snake:4:  minmay_snake_end_coiled, layout_rooms
Slime:1:  layout_caves
Slime:2:  layout_caves
Slime:3:  layout_caves, nicolae_slime_phagocytosis
Slime:4:  layout_caves, dissolution_awaits
Slime:5:  uniq_dissolution
Orc:1:    layout_caves, basic_altar, ebering_ghost_rock_garden
Orc:2:    grunt_orc_gardens, layout_caves, grunt_orc_garden, grunt_orc_garden,
          grunt_orc_garden, grunt_orc_garden, elves_outpost_lemuel
Elf:1:    minmay_elf_arrival_circle, layout_gridlike, serial_shops, shop,
          kennysheep_underground_church, st_stairs_5, minmay_crystal_room,
          minmay_checkered_concentric_circles
Elf:2:    layout_gridlike, serial_shops,
          nicolae_shop_temple_entry_statues_fountains, shop, shop_statue, shop,
          basic_altar, nicolae_elf_w_pinch, hex_tiny
Elf:3:    elf_hall_gauntlet_wide, layout_loops_ring, basic_altar, serial_shops,
          shop, lightli_enter_wizlab_magi_temple
Vaults:1: ontoclasm_vaults_ring_square, vaults_room_octagon,
          ontoclasm_vaults_idyll, hangedman_vaults_trim,
          hangedman_vaults_stitches, vaults_room_hallway,
          nicolae_vaults_network_star, vaults_mumra_lcd, v_pattern_3,
          nicolae_vaults_little_squares_5, v_misc_8, vaults_standard_mumra_x,
          layout_vaults_chaotic_city, basic_altar
Vaults:2: vaults_standard_mumra_enter_the_diamond, hangedman_vaults_restitches,
          hangedman_vaults_nails, nicolae_vaults_network_quinsquares
          [nicolae_vaults_network_quincunx_subvault,
          nicolae_vaults_network_quincunx_subvault,
          nicolae_vaults_network_quincunx_subvault,
          nicolae_vaults_network_quincunx_subvault], grunt_vaults_funnel,
          vaults_room_hangedman_quadrants, nicolae_vaults_bisected_exclaves,
          layout_vaults_quadrants
Vaults:3: vaults_room_octagon, minmay_crypt_entry_simple_sparse,
          hangedman_vaults_corner, v_misc_30, vaults_room_octagon,
          nicolae_vaults_asterisk, v_misc_31, v_misc_5, vaults_dpeg_spiral,
          hangedman_vaults_capsules, ontoclasm_vaults_gateway,
          hangedman_vaults_trim, nicolae_vaults_gold_heap,
          ontoclasm_vaults_fault, vaults_room_hallway, layout_vaults_omnibox
Vaults:4: ontoclasm_vaults_claustrophobia, grunt_vaults_trifunnel, v_misc_26,
          nicolae_vaults_diagonal_hallway_8, v_misc_30,
          nicolae_vaults_little_squares_1, nicolae_vaults_network_square,
          nicolae_vaults_windows_and_doors_thing, vaults_room_stairs_pillars,
          hangedman_vaults_maws, nicolae_vaults_little_squares_6,
          layout_vaults_ring, serial_shops, nicolae_shop_trees, shop, shop
Vaults:5: serial_shops, uniq_jory, uniq_xtahua
Crypt:1:  layout_gridlike, nrook_guardian_serpent_ordinary,
          grunt_crypt_arrival_split
Crypt:2:  hangedman_screamer, layout_chaotic_city
Crypt:3:  evilmike_haunted_forest
Depths:1: layout_cave_shapes, enter_ziggurat_c, chequers_serial_rivers_small_a,
          grunt_hell_entry_dis_mu, pan_entry, minmay_liquid_box,
          serial_sigils_hangedman_stare, minmay_holes,
          brannock_guarded_unrand_thermic_engine
Depths:2: hangedman_stitches_corridor, layout_cave_shapes, abyss_entry,
          hell_entry
Depths:3: abrahamwl_protected_by_tso_2, layout_basic, lightli_too_deep,
          rand_demon_pan_entry_8, uniq_boris, uniq_enchantress
Depths:4: lemuel_minitomb, layout_cave_pools, hell_entry, serial_shops,
          bzr_firewalk, abyss_entry_flame_altar, serial_bayou_shore_b,
          kennysheep_decorative_pillar, corexii_corridor_pit, uniq_saint_roka
Depths:5: hangedman_pleasuredromes, hell_entry
Hell
Zot:1:    layout_cathedral_of_symmetry, st_small_dragon_hoard_1
Zot:2:    nicolae_zot_draconian_monastery, layout_twisted_circle
Zot:3:    layout_concentric_octagons, basic_altar
Zot:4:    layout_concentric_octagons
Zot:5:    layout_basic
Zig:13

Skill      XL: |  1  2  3  4  5  6  7  8  9 10 11 12 13 14 15 16 17 18 19 20 21 22 23 24 25 26 27 |
---------------+----------------------------------------------------------------------------------+-----
Armour         | 3 4 5 6 7 8 9 10 11 12 13 14 15 18 | 18.9
Long Blades    | 2 3 4 5 7 8 10 11 12 13 14 15 16 17 18 19 20 24 | 24.6
Shields        | 3 4 5 6 7 9 11 12 13 15 16 17 19 20 21 22 23 24 25 26 27 | 27.0
Dodging        | 1 2 3 4 5 6 7 8 |  8.1
Fighting       | 4 5 6 7 8 9 10 11 12 13 14 15 16 17 18 19 25 | 25.2
Stealth        | 1 2 3 4 5 6 7 8 10 | 10.1
Invocations    | 1 2 3 4 5 6 8 |  8.3
Evocations     | 1 3 |  3.6
Short Blades   | 1 5 8 |  8.4
Polearms       | 1 |  1.6
Throwing       | 1 |  1.0
Unarmed Combat | 1 |  1.1
Spellcasting   | 1 |  1.1

Action                   |  1- 3 |  4- 6 |  7- 9 | 10-12 | 13-15 | 16-18 | 19-21 | 22-24 | 25-27 || total
-------------------------+-------+-------+-------+-------+-------+-------+-------+-------+-------++-------
Melee: Long sword        |   212 |   122 |   111 |       |       |   536 |     3 |     4 |       ||   988
       Scimitar          |       |       |   237 |  1161 |   176 |       |       |       |       ||  1574
       Kick              |       |       |       |    76 |   916 |  1247 |   811 |   857 |  1511 ||  5418
       Short sword       |       |       |       |    22 |    26 |       |       |       |       ||    48
       Quick blade       |       |       |       |       |  1393 |       |       |       |       ||  1393
       Falchion          |       |       |       |       |   429 |  1508 |   188 |   149 |       ||  2274
       Double sword      |       |       |       |       |       |   109 |  1297 |  1220 |  2812 ||  5438
Invok: Heroism           |       |       |     6 |    39 |    29 |    28 |     5 |    16 |    17 ||   140
       Finesse           |       |       |       |       |     1 |     2 |       |     1 |     1 ||     5
Evoke: Wand              |       |     1 |     7 |     8 |       |     4 |     4 |     2 |    17 ||    43
  Use: Scroll            |     5 |     1 |       |    14 |     5 |    17 |     9 |     8 |    42 ||   101
       Potion            |     5 |     2 |     5 |     3 |     3 |    11 |     3 |     7 |    19 ||    58
 Stab: Sleeping          |     1 |       |       |       |       |     5 |     2 |       |     1 ||     9
       Distracted        |       |       |     2 |     5 |    10 |    17 |    25 |    16 |    13 ||    88
       Confused          |       |       |       |       |       |       |       |     3 |       ||     3
  Eat: Chunk             |     4 |     4 |    13 |    28 |    27 |    24 |    22 |    22 |    27 ||   171
       Ration            |       |       |       |     1 |     4 |    10 |     7 |     5 |    18 ||    45
Armor: Scale mail        |   105 |    58 |   104 |       |       |       |       |       |       ||   267
       Chain mail        |       |       |    12 |    48 |       |       |       |       |       ||    60
       Plate armour      |       |       |       |   209 |    49 |       |       |       |       ||   258
       Crystal plate arm |       |       |       |       |   230 |   217 |   175 |   328 |   974 ||  1924
       Acid dragon scale |       |       |       |       |     2 |       |       |       |       ||     2
       Ice dragon scales |       |       |       |       |    50 |       |       |       |       ||    50
       Swamp dragon scal |       |       |       |       |       |   135 |   102 |       |       ||   237
       Skin              |       |       |       |       |       |       |     1 |       |       ||     1
       Pearl dragon scal |       |       |       |       |       |       |       |       |     5 ||     5
Dodge: Dodged            |    48 |    19 |    76 |   112 |   113 |   325 |   251 |   226 |   711 ||  1881
Block: Shield            |   153 |    38 |       |       |       |       |       |       |       ||   191
       Large shield      |       |    92 |   421 |  1421 |  1839 |  2813 |  2041 |  1998 |  4389 || 15014
       Reflection        |       |       |       |       |    56 |   252 |   204 |   105 |    71 ||   688
       Other             |       |       |       |       |       |     1 |       |       |       ||     1
       Buckler           |       |       |       |       |       |       |       |       |   131 ||   131
       Rpst.: Long sword |    16 |     6 |     7 |       |       |    15 |       |       |       ||    44
       Scimitar          |       |       |    11 |    34 |     4 |       |       |       |       ||    49
       Falchion          |       |       |       |       |     5 |    36 |     2 |     3 |       ||    46
       Double sword      |       |       |       |       |       |     2 |    33 |    32 |    98 ||   165
